 Dungeon Crawl Stone Soup version 0.27-a0-906-g0a00ce8 (webtiles) character file.

Game seed: 7723746128351747964

229 Nithhogg the Skirmisher (level 5, -5/42 HPs)
             Began as a Demonspawn Fighter on Apr 7, 2021.
             Slain by an ogre
             ... wielding a +0 giant club
              (25 damage)
             ... on level 3 of the Dungeon.
             The game lasted 00:06:59 (2928 turns).

Nithhogg the Skirmisher (Demonspawn Fighter)        Turns: 2928, Time: 00:07:00

Health: -5/42      AC: 14    Str: 18    XL:     5   Next: 71%
Magic:  5/5        EV:  8    Int:  9    God:
Gold:   198        SH:  9    Dex: 18    Spells: 4/4 levels left

rFire    . . .     SeeInvis .   m - +2 dagger (venom)
rCold    . . .     Faith    .   c - +0 kite shield
rNeg     . . .     Spirit   .   l - +2 scale mail {rPois}
rPois    +         Reflect  .   (no helmet)
rElec    .         Harm     .   (no cloak)
rCorr    .         Rampage  .   (no gloves)
Will     .....                  (no boots)
Stlth    ..........             (no amulet)
HPRegen  0.14/turn              e - +6 ring of dexterity
MPRegen  0.09/turn              s - +4 ring of slaying

@: sanguine armoured
A: hooves 1, demonic guardian 1, sanguine armour 1
a: no special abilities


You were on level 3 of the Dungeon.
You visited 1 branch of the dungeon, and saw 4 of its levels.

You collected 198 gold pieces.

Inventory:

Hand Weapons
 a - a +1 long sword
 m - a +2 dagger of venom (weapon)
Armour
 c - a +0 kite shield (worn)
 f - a +0 plate armour
 l - a +2 scale mail of poison resistance (worn)
Jewellery
 e - a +6 ring of dexterity (left hand)
 o - a ring of poison resistance
 s - a +4 ring of slaying (right hand)
Wands
 n - a wand of paralysis (1) (quivered)
Scrolls
 g - 4 scrolls of identify
 h - 2 scrolls of magic mapping
 i - 4 scrolls of teleportation
 j - a scroll of enchant weapon
 p - a scroll of amnesia {unknown}
 r - a scroll of enchant armour {unknown}
Potions
 b - a potion of haste
 d - a potion of might
 k - 2 potions of cancellation {unknown}
 q - a potion of lignification {unknown}


   Skills:
 * Level 4.0 Fighting
 * Level 2.9 Long Blades
 + Level 3.5 Armour
 + Level 2.0 Dodging
 + Level 3.5 Shields


You had 4 spell levels left.
You didn't know any spells.
Your spell library contained the following spells:

 Spells                   Type           Power      Damage    Failure   Level
 Beastly Appendage        Tmut           0%         N/A       99%         1
 Wereblood                Tmut           0%         N/A       100%        2
 Confusing Touch          Hex            0%         N/A       100%        3
 Gell's Gravitas          Tloc           0%         N/A       100%        3
 Spider Form              Tmut/Pois      0%         N/A       100%        3
 Ice Form                 Ice/Tmut       0%         N/A       100%        4
 Petrify                  Tmut/Erth      0%         N/A       100%        4
 Hydra Form               Tmut           0%         N/A       100%        5
 Metabolic Englaciation   Hex/Ice        0%         N/A       100%        5
 Yara's Violent Unravell  Hex/Tmut       0%         3d3       100%        5


Dungeon Overview and Level Annotations

Branches:
Dungeon (4/15)
 Temple: D:4-7

Altars:
Okawaru
Uskayaw
Xom

Shops:
D:3 (

Annotations:
D:3 shop


Innate Abilities, Weirdness & Mutations

You have large cloven feet.
A weak demonic guardian rushes to your aid.
When seriously injured, your bleeding wounds create armour. (AC +6)


Message History

The ogre barely misses your quasit.
Your quasit bites the ogre but does no damage.
Your quasit claws the ogre. x2; The ogre misses your quasit.
Your quasit bites the ogre.
Your quasit claws the ogre.
Your quasit claws the ogre but does no damage.
Your quasit bites the ogre but does no damage.
Your quasit claws the ogre.
Your quasit claws the ogre but does no damage.
The ogre hits your quasit with a +0 giant club!!
Your quasit dies!
The ogre shouts!
A kobold comes into view. It is wielding a +0 dagger.
The kobold shouts!
Found 10 stones.
There is a stone staircase leading up here.
You climb upwards.
Level annotation: shop
There is a stone staircase leading down here.
You start resting.
Your blood armour dries and flakes away.
You climb downwards.
You block the ogre's attack. The orc hits you with a +0 club.
Your blood congeals into armour.
The kobold hits you with a +0 dagger.
A demonic guardian appears!
There is a stone staircase leading up here.
The ogre hits you with a +0 giant club. The orc hits you but does no damage.
The kobold closely misses you.
You climb upwards.
Your summoned ally is left behind.
Level annotation: shop
There is a stone staircase leading down here.
You block the kobold's attack. You block the kobold's attack.
You hit the kobold.
You kill the kobold!
The ogre hits you with a +0 giant club.
An ogre is nearby!
You hit the ogre.
The ogre is poisoned.
You kick the ogre.
The ogre is severely wounded.
The ogre hits you with a +0 giant club!!
Ouch! That really hurt!
You die...

#...# #...# #...# #...#
########...### ############
.............# #..........#
.............# #.########.#
............># #.# #....#.#
.............# #@# #.##.#.#
.............# #O# #.##.#.#
.............###.###....#.#
.............o.o.#....#...#
.............#####.##.#.###
.............#####.##...##
.............##..........#
.............##.###.####.##
.........∩...##...#...#...#


You could see an ogre (very poisoned) and an orc.

Vanquished Creatures
  Ijyb (D:3)
  Terence (D:2)
  4 gnolls (D:4)
  5 adders
  A worm (D:4)
  3 dart slugs
  8 orcs
  8 ball pythons
  8 endoplasms
  2 giant cockroaches
  5 goblins
  6 hobgoblins
  5 quokkas
  7 bats
  6 frilled lizards
  7 kobolds
  4 rats (D:1)
81 creatures vanquished.

Vanquished Creatures (collateral kills)
  An orc (D:4)
1 creature vanquished.

Vanquished Creatures (others)
  A plant (D:1)
1 creature vanquished.

Grand Total: 83 creatures vanquished

Notes
Turn   | Place    | Note
-------+----------+-------------------------------------------
     0 | D:1      | Nithhogg the Demonspawn Fighter began the quest for the
                  | Orb.
     0 | D:1      | Reached XP level 1. HP: 18/18 MP: 1/1
   152 | D:1      | Gained mutation: When seriously injured, your bleeding
                  | wounds create armour. (AC +6) [demonic ancestry]
   152 | D:1      | Reached XP level 2. HP: 24/24 MP: 2/2
   663 | D:1      | Gained mutation: You have large cloven feet. [demonic
                  | ancestry]
   663 | D:1      | Reached XP level 3. HP: 29/29 MP: 3/3
   967 | D:2      | Reached skill level 1 in Dodging
  1015 | D:2      | Noticed Terence
  1043 | D:2      | Killed Terence
  1044 | D:2      | Reached XP level 4. HP: 21/35 MP: 4/4
  1627 | D:3      | Found Nixui's Antique Weapon Shop.
  1675 | D:3      | Found an iron altar of Okawaru.
  1675 | D:3      | Found a shimmering altar of Xom.
  1757 | D:3      | Found a faded altar of an unknown god.
  1844 | D:3      | Noticed Ijyb
  1850 | D:3      | Paralysed by Ijyb for 4 turns
  1856 | D:3      | Killed Ijyb
  1857 | D:3      | Gained mutation: A weak demonic guardian rushes to your
                  | aid. [demonic ancestry]
  1857 | D:3      | Reached XP level 5. HP: 21/42 MP: 5/5
  2482 | D:4      | Found a hide-covered altar of Uskayaw.
  2756 | D:4      | Noticed an ogre
  2762 | D:4      | Reached skill level 4 in Fighting
  2928 | D:3      | Slain by an ogre

Illustrated notes

Levels and vault maps discovered:
D:1:      wander_arrival_chamber, layout_basic, serial_forest,
          infiniplex_forest_corner_2, infiniplex_forest_3_way,
          infiniplex_forest_end_1, infiniplex_forest_split,
          infiniplex_forest_lined_room_3, infiniplex_forest_straight_4,
          infiniplex_forest_zigzag_1, infiniplex_forest_clump_cross
D:2:      layout_rooms, uniq_terence
D:3:      layout_basic, gammafunk_temple_overflow_wave,
          shapermc_ecumenical_altar_venn, serial_shops, shop,
          minmay_starry_boxes, uniq_ijyb
D:4:      kennysheep_big_flooded_room, layout_loops_ring,
          nicolae_uskayaw_murder_on_the_dancefloor, minmay_joined_circles

Skill      XL: |  1  2  3  4  5 |
---------------+----------------+-----
Long Blades    | 2 |  2.9
Armour         | 3 |  3.5
Dodging        | 1 2 |  2.0
Shields        | 3 |  3.5
Fighting       | 4 |  4.0

Action                   |  1- 3 |  4- 6 || total
-------------------------+-------+-------++-------
Melee: Long sword        |    92 |    29 ||   121
       Kick              |     7 |    37 ||    44
       Dagger            |       |    54 ||    54
  Use: Scroll            |       |     3 ||     3
       Potion            |       |     2 ||     2
Armor: Scale mail        |    10 |    28 ||    38
       Plate armour      |    52 |       ||    52
Dodge: Dodged            |    17 |    21 ||    38
Block: Kite shield       |    54 |    47 ||   101
       Rpst.: Long sword |     4 |     3 ||     7

Table legend: (Time is in decaauts)
 A = Elapsed time spent in this place.
 B = Non-inter-level travel time spent in this place.
 C = Inter-level travel time spent in this place.
 D = Time resting spent in this place.
 E = Time spent auto-exploring this place.
 F = Levels seen in this place.
 G = Mean time per level.
                   A        B        C        D        E       F      G
               +--------+--------+--------+--------+--------+-----+--------+
         Total |   3001 |   2939 |     62 |     64 |   2244 |   4 |  750.2 |
       Dungeon |   3001 |   2939 |     62 |     64 |   2244 |   4 |  750.2 |
               +--------+--------+--------+--------+--------+-----+--------+

Top non-repeatable levels by time:
     D:1: 875 daAuts
     D:3: 744 daAuts
     D:2: 728 daAuts
     D:4: 654 daAuts
